Map: Habitation Station LE (Void)

Players

Spottthefish

  • Race: Zerg Zerg
  • League: Diamond
  • Spawn Location: 1:00

Musumeci - Winner!

  • Race: Zerg Zerg
  • League: Diamond
  • Spawn Location: 11:00

VOD

Have the link to the VOD?

Description

Time

  • Played on: Jan. 24, 2017, 3:26 p.m.
  • Length: 10:52
Show
View Real Time Build Order
Export as new Build Order

Spottthefish Zerg 

Build Orders: Hatch First 

Get SALT Encoding   

  12  0:01  Drone  
  13  0:13  Overlord  
  13  0:17  Drone  
  14  0:23  Extractor  
  14  0:24  Drone  
  15  0:32  Drone  
  15  0:35  Drone  
  17  0:53  Hatchery  
  16  0:57  Drone  
  17  1:12  Spawning Pool, Drone  
  17  1:18  Extractor  
  16  1:23  Drone x2  
  18  1:37  Drone  
  19  1:49  Overlord  
  19  1:59  Queen  
  19  2:00  Zergling x2  
  22  2:07  Queen  
  24  2:10  Drone x2  
  26  2:17  Metabolic Boost  
  26  2:22  Zergling x6  
  29  2:30  Spine Crawler  
  29  2:31  Zergling x2  
  29  2:41  Zergling x4  
  31  2:45  Baneling Nest  
  30  3:02  Overlord  
  30  3:09  Drone  
  30  3:10  Drone x2  
  33  3:20  Drone  
  33  3:25  Zergling x2  
  33  3:26  Hatchery  
  34  3:33  Baneling  
  34  3:39  Zergling x2  
  34  3:40  Zergling x6  
  38  3:45  Zergling x4  
  40  3:51  Baneling x3  
  40  3:59  Zergling x6  
  41  4:04  Zergling x4  
  39  4:10  Drone x2  
  39  4:11  Drone  
  42  4:19  Drone  
  43  4:27  Drone  
  44  4:35  Overlord x3  
  44  4:59  Baneling x3  
  44  5:00  Baneling x2  
  44  5:02  Baneling  
  44  5:10  Zergling x2  
  45  5:23  Drone x4  
  45  5:24  Drone x6  
  49  5:29  Zergling x8  
  49  5:30  Zergling x6  
  56  5:39  Zergling x6, Roach Warren  
  58  5:47  Zergling x2  
  58  5:48  Zergling x8  
  57  5:53  Zergling x2  
  55  5:58  Zergling x4  
  57  6:08  Overlord x2  
  57  6:10  Extractor  
  56  6:12  Extractor  
  56  6:15  Spine Crawler  
  54  6:22  Baneling x3  
  54  6:23  Roach x7  
  68  6:31  Drone  
  69  6:42  Queen  
  71  6:53  Drone x7  
  71  6:54  Drone x3  
  79  7:20  Zergling x18  
  79  7:21  Zergling x2  
  80  7:25  Drone x2  
  81  7:33  Roach x2  
  81  7:35  Lair  
  85  7:42  Roach x2, Evolution Chamber  
  85  7:43  Roach  
  90  7:53  Overlord x3  
  90  7:54  Overlord  
  90  8:05  Overlord x3, Extractor  
  89  8:08  Ravager  
  89  8:10  Overlord x2  
  90  8:19  Drone x5  
  96  8:20  Drone x2  
  97  8:30  Roach x4  
  103  8:44  Drone x9  
  107  9:03  Roach x4  
  107  9:04  Roach x4  
  123  9:12  Extractor  
  123  9:13  Extractor  
  123  9:14  Roach x4  
  123  9:15  Roach  
  123  9:16  Glial Reconstitution  
  121  9:46  Roach, Zergling x10  
  121  9:47  Roach x3  
  127  9:54  Spore Crawler  
  127  9:56  Spore Crawler  
  127  9:57  Spore Crawler x2  
  127  9:58  Spore Crawler  
  127  9:59  Spore Crawler  
  107  10:00  Spore Crawler  
  107  10:01  Spore Crawler  
  83  10:28  Zergling x16  
  76  10:29  Zergling x12  
  76  10:34  Drone x3  
  76  10:35  Hydralisk Den  
  82  10:38  Drone x3  
Show
View Real Time Build Order
Export as new Build Order

Musumeci Zerg - Winner!

Build Orders: Pool First 

Get SALT Encoding   

  12  0:02  Drone  
  13  0:10  Drone  
  14  0:17  Overlord  
  14  0:21  Extractor  
  13  0:23  Drone  
  16  0:35  Drone x2  
  17  0:46  Spawning Pool  
  16  0:50  Extractor  
  16  0:51  Drone  
  16  0:56  Drone  
  17  1:24  Hatchery  
  16  1:36  Queen  
  16  1:39  Drone  
  20  1:40  Drone  
  20  1:43  Drone  
  21  1:50  Drone  
  22  2:01  Overlord  
  22  2:10  Extractor  
  22  2:12  Drone  
  23  2:17  Metabolic Boost  
  23  2:19  Queen  
  25  2:24  Zergling x2  
  26  2:33  Drone  
  27  2:38  Zergling x2  
  28  2:53  Zergling x2  
  28  2:54  Zergling x6  
  28  2:55  Baneling Nest  
  31  3:00  Zergling x2  
  32  3:11  Zergling x4  
  34  3:29  Overlord  
  34  3:32  Drone  
  34  3:33  Drone  
  36  3:34  Overlord  
  36  3:37  Roach Warren  
  33  3:46  Baneling x2  
  34  3:48  Drone x3  
  34  3:49  Drone x2  
  35  4:04  Baneling x2  
  35  4:05  Baneling, Zergling x2  
  35  4:06  Zergling x8  
  39  4:29  Roach, Baneling x2  
  39  4:30  Roach x4  
  49  4:44  Overlord x2  
  49  4:46  Drone x2  
  49  4:47  Extractor  
  49  4:48  Drone  
  51  4:59  Drone  
  49  5:36  Zergling x4  
  49  5:37  Zergling x6  
  49  5:38  Roach x5  
  62  5:53  Roach x5  
  60  6:04  Roach  
  60  6:05  Roach x2  
  60  6:07  Baneling x2  
  66  6:15  Spine Crawler  
  65  6:19  Spine Crawler, Roach  
  65  6:23  Extractor  
  65  6:31  Hatchery  
  65  6:43  Lair  
  65  6:44  Drone  
  65  6:45  Drone  
  65  6:47  Overlord x4, Extractor  
  67  6:53  Evolution Chamber  
  59  7:29  Drone x17  
  76  7:52  Queen  
  76  7:54  Extractor  
  76  7:56  Roach, Glial Reconstitution  
  77  8:02  Spire  
  77  8:04  Drone  
  77  8:05  Drone x8  
  85  8:09  Extractor  
  84  8:14  Ravager  
  84  8:18  Extractor  
  84  8:19  Drone x3  
  86  8:24  Baneling x2  
  78  8:56  Drone x3  
  78  8:57  Drone x6  
  85  9:05  Overlord x2  
  85  9:06  Overlord  
  85  9:14  Mutalisk x5  
  95  9:18  Mutalisk x3  
  95  9:19  Roach  
  101  9:33  Mutalisk x4  
  105  9:49  Mutalisk x2  
  87  10:11  Zergling x6  
  87  10:12  Zergling x24  
  102  10:20  Drone  
  94  10:37  Spine Crawler  
  94  10:38  Spine Crawler x2  
  94  10:40  Spine Crawler  
Tags
 
Add a new tag
Caveats
  • Supply blocks, unpowered buildings, or Contaminate may cause inaccurate times.
  • Supply counts are checked every 10 seconds.